 Dungeon Crawl Stone Soup version 0.27-a0-861-g9529aa9bf3 (webtiles) character file.

Game seed: 419408537051103872

26 EnegeticOcto the Vexing (level 2, -1/24 HPs)
             Began as a Palentonga Arcane Marksman on Apr 2, 2021.
             Was a Follower of Uskayaw.
             Slain by a kobold
             ... wielding a +0 club
              (5 damage)
             ... on level 1 of the Dungeon.
             The game lasted 00:01:49 (372 turns).

EnegeticOcto the Vexing (Palentonga Arcane Marksman) Turns: 372, Time: 00:01:50

Health: -1/24      AC:  4    Str: 13    XL:     2   Next: 89%
Magic:  3/3        EV:  9    Int: 13    God:    Uskayaw [*.....]
Gold:   11         SH:  0    Dex: 10    Spells: 2/3 levels left

rFire    . . .     SeeInvis +   h - +0 war axe
rCold    . . .     Faith    .   (no shield)
rNeg     . . .     Spirit   .   e - +0 robe
rPois    .         Reflect  .   (no helmet)
rElec    .         Harm     .   (no cloak)
rCorr    .         Rampage  .   (no gloves)
Will     .....                  (no barding)
Stlth    +.........             (no amulet)
HPRegen  0.08/turn              (no ring)
MPRegen  0.08/turn              (no ring)

@: attractive
A: large, rugged brown scales 3, see invisible, deformed body, roll 1, armoured
tail
a: Rolling Charge, Renounce Religion, Stomp


You were on level 1 of the Dungeon.
You worshipped Uskayaw.
Uskayaw was noncommittal.
You visited 1 branch of the dungeon, and saw 1 of its levels.

You collected 11 gold pieces.

Inventory:

Hand Weapons
 a - a +0 hand crossbow
 h - a +0 war axe (weapon)
   (You found it on level 1 of the Dungeon)
Missiles
 c - 2 throwing nets {!f}
 d - 13 bolts
Armour
 e - a +0 robe (worn)
Scrolls
 b - a scroll of blinking {unknown}
 g - a scroll of enchant weapon {unknown}


   Skills:
 - Level 2.6 Fighting
 * Level 0.9 Axes
 - Level 1.5 Crossbows
 - Level 1.5 Dodging
 - Level 1.0 Spellcasting
 - Level 3.0 Hexes


You had 2 spell levels left.
You knew the following spells:

 Your Spells              Type           Power      Damage    Failure   Level
a - Corona                Hex            8%         N/A       9%          1

Your spell library contained the following spells:

 Spells                   Type           Power      Damage    Failure   Level
 Slow                     Hex            8%         N/A       12%         2
 Magic Dart               Conj           0%         1d3       28%         1
 Blink                    Tloc           N/A        N/A       38%         2
 Call Imp                 Summ           0%         N/A       38%         2
 Inner Flame              Hex/Fire       4%         N/A       41%         3
 Portal Projectile        Hex/Tloc       8%         N/A       41%         3
 Conjure Flame            Conj/Fire      0%         6-21      63%         3
 Mephitic Cloud           Conj/Pois/Air  0%         N/A       63%         3
 Cause Fear               Hex            4%         N/A       63%         4
 Leda's Liquefaction      Hex/Erth       2%         N/A       83%         4


Dungeon Overview and Level Annotations

Branches:
Dungeon (1/15)

Altars:
Uskayaw

Shops:
D:1 [


Innate Abilities, Weirdness & Mutations

You are completely covered in rugged brown scales. (AC +3, +7% HP)
You have supernaturally acute eyesight. (SInv)
Armour fits poorly on your strangely shaped body.
You can roll at nearby foes to attack.
You have a long armoured tail.


Message History

You barely miss the ball python.
Your tail-slap misses the ball python.
You hear a shout! x3
The ball python closely misses you.
Found 12 gold pieces and a plate armour.
Found a stone staircase leading down.
You closely miss the ball python. You tail-slap the ball python.
You kill the ball python!
No target in view!
An endoplasm comes into view.
Found a coral ring.
You see here a ball python corpse.
A kobold comes into view. It is wielding a +0 club.
A goblin comes into view. It is wielding a +0 dagger.
Roll where?
Press: ? - help, Q - select action, (/) - cycle Dir - move target, f - endoplasm
Aim: an endoplasm You roll forward with a clatter of scales!
You barely miss the endoplasm.
You hear an angry hiss.
The endoplasm hits you. The endoplasm freezes you.
You are frozen.
You slash the endoplasm!
You kill the endoplasm!
Roll where?
Press: ? - help, Q - select action, (/) - cycle Dir - move target, f - goblin
Aim: a goblin, wielding a +0 dagger You roll forward with a clatter of scales!
You barely miss the goblin.
You hear a shout! x2
The goblin hits you but does no damage.
Roll where?
Press: ? - help, Q - select action, (/) - cycle Dir - move target, f - kobold, p - goblin
Aim: a kobold, wielding a +0 club You roll forward with a clatter of scales!
You barely miss the kobold. You barely miss the goblin.
You hear an angry hiss.
The goblin completely misses you. The kobold hits you with a +0 club.
You hit the kobold but do no damage. You slash the goblin!
You kill the goblin!
The kobold barely misses you.
A ball python comes into view.
The kobold hits you with a +0 club.
A rat comes into view.
You can now pass through a line of other dancers.
You barely miss the kobold.
Your tail-slap misses the kobold.
The kobold hits you with a +0 club.
You barely miss the kobold. The kobold barely misses you.
A rat comes into view.
The kobold hits you with a +0 club.
A goblin comes into view. It is wielding a +0 dagger.
A dart slug comes into view.
The rat closely misses you.
The goblin drinks a potion.
The goblin flickers and vanishes for a moment.
You can no longer pass through a line of other dancers.
The rat bites you.
A frilled lizard comes into view.
The frilled lizard hisses angrily.
The rat bites you but does no damage. The goblin hits you but does no damage.
You hit the rat.
You kill the rat!
You slash the ball python!
You kill the ball python!
You miss the kobold. The kobold hits you but does no damage.
You barely miss the kobold.
Your tail-slap misses the kobold.
The kobold hits you but does no damage. The kobold barely misses you.
You barely miss the kobold. The kobold hits you but does no damage.
You hit the kobold but do no damage. The kobold hits you with a +0 club.
* * * LOW HITPOINT WARNING * * *
The kobold hits you but does no damage.
A ball python comes into view.
The ball python hisses angrily.
Okay, then.
It was a potion of attraction.
You feel attractive to monsters. The ball python is pulled toward you!
You slash the ball python!
You kill the ball python!
You closely miss the kobold.
A bat comes into view.
The kobold hits you with a +0 club.
* * * LOW HITPOINT WARNING * * *
The kobold hits you but does no damage.
The bat moves out of view.
A bat comes into view.
The dart slug is pulled toward you! The bat is pulled toward you! x2
Things that are here:
a ring of magical power; a ball python corpse The bat barely misses you. x2; The bat is pulled toward you!
The frilled lizard is pulled toward you!
The bat hits you but does no damage. The bat barely misses you.
The bat hits you.
* * * LOW HITPOINT WARNING * * *
The kobold is pulled toward you! The bat is pulled toward you!
You barely miss the kobold.
Your tail-slap misses the kobold.
You closely miss the bat. You completely miss the bat.
The bat completely misses you. The bat barely misses you.
The bat hits you but does no damage. The kobold hits you with a +0 club.
You die...

.. ... ......>##......
... #.. ..l.....#......
.... #.##.... ...#.#....
#..####....#.# #..#......
#........###.# #..#....<.
#.......##..w###..#######
##.....†...KS.##..# #....
#......b####.....####...
##.....b@#####l#.........
#......K###..wg#.........
#.$....>=l#.####..####...
.........#w..####..# #...
...................# #.##
...[........####...# #.#
........###........# #.#
.....#. #........####.##
.....#. ..##............


You could see 2 bats and a kobold.

Vanquished Creatures
  A bat (D:1)
  6 endoplasms (D:1)
  A goblin (D:1)
  A hobgoblin (D:1)
  4 jackals (D:1)
  2 kobolds (D:1)
  A quokka (D:1)
  4 ball pythons (D:1)
  2 rats (D:1)
22 creatures vanquished.

Notes
Turn   | Place    | Note
-------+----------+-------------------------------------------
     0 | D:1      | EnegeticOcto the Palentonga Arcane Marksman began the quest
                  | for the Orb.
     0 | D:1      | Reached XP level 1. HP: 16/16 MP: 2/2
    96 | D:1      | Found Ychiul's Antique Armour Boutique.
   108 | D:1      | Reached skill level 2 in Fighting
   112 | D:1      | Reached XP level 2. HP: 23/23 MP: 3/3
   158 | D:1      | Found a faded altar of an unknown god.
   169 | D:1      | Became a worshipper of Uskayaw the Reveller
   169 | D:1      | Reached * piety under Uskayaw
   189 | D:1      | Reached ** piety under Uskayaw
   372 | D:1      | Slain by a kobold

Illustrated notes

Levels and vault maps discovered:
D:1:      lemuel_arrival_broad_hall, layout_rooms, serial_shops, shop_fountains,
          ebering_ecumenical_altar_webs, minmay_surrounded

Skill      XL: |  1 |
---------------+----+-----
Fighting       | 2 |  2.6
Axes           | |  0.9
Crossbows      | |  1.5
Dodging        | |  1.5
Spellcasting   | |  1.0
Hexes          | |  3.0

Action                   || total
-------------------------++-------
Melee: War axe           ||    17
       Tailslap          ||     1
 Fire: Hand crossbow     ||    37
 Abil: Rolling Charge    ||     4
  Use: Potion            ||     1
Armor: Robe              ||    17
Dodge: Dodged            ||    19

Table legend: (Time is in decaauts)
 A = Elapsed time spent in this place.
 B = Non-inter-level travel time spent in this place.
 C = Inter-level travel time spent in this place.
 D = Time resting spent in this place.
 E = Time spent auto-exploring this place.
 F = Levels seen in this place.
 G = Mean time per level.
                   A        B        C        D        E       F      G
               +--------+--------+--------+--------+--------+-----+--------+
         Total |    394 |    394 |      0 |     32 |    152 |   1 |  394.0 |
       Dungeon |    394 |    394 |      0 |     32 |    152 |   1 |  394.0 |
               +--------+--------+--------+--------+--------+-----+--------+

Top non-repeatable levels by time:
     D:1: 394 daAuts
